[Event "Schack-SM 2024: Mastarklassen"]
[Site "Fortnox Arena, Hejaregatan 5, Vaxjo, Sweden"]
[Date "2024.07.02"]
[Round "4.8"]
[White "Landgren, Andreas"]
[Black "Ostensson, Julia"]
[Result "1/2-1/2"]
[TimeControl "90 minutes for 40 moves + 30 minutes for the rest of the game + 30 seconds per move from move one."]
[WhiteTitle "FM"]
[WhiteElo "2243"]
[BlackElo "2004"]

1. d4 Nf6 2. c4 g6 3. Nc3 Bg7 4.
e4 d6 5.
Nf3 O-O 6. Be2 e5 7. O-O Nc6 8. d5 Ne7 9. Ne1 Nd7 10. Be3 f5 11. f3 f4 12. Bf2 g5 13. Rc1 Rf7 14. c5 Nxc5 15.
b4 Na6 16. Nb5 Bd7 17. a4 h5 18. Nxa7 Nxb4 19. Qb3 b6 20. Nb5 Na6 21. Nxc7 Nxc7 22. Bxb6 Bxa4 23. Qc4 Bb5 24. Qxc7 Qxc7 25. Bxc7 Bxe2 26. Rf2 Ba6 27. Bxd6 Nc8 28. Bc7 Rd7 29. Rfc2 Nd6 30. Rc6 Nb5 31. Bb6 Rd6 32.
Ra1 Kf7 33. Nd3 Bb7 34. Rxa8 Bxa8 35. Rxd6 Nxd6 36. Bc7 Nc4 37. Nc5 Bf8 38. Nd7 Bg7 39. Nc5 Bf8 40. Nd7 Bd6 41. Bxd6 Nxd6 42.
Nxe5+ Kf6 43. Nd3 Nc4 44. h4 Bb7 45. Kh2 Bc8 1/2-1/2

[Event "Schack-SM 2024: Mastarklassen"]
[Site "Fortnox Arena, Hejaregatan 5, Vaxjo, Sweden"]
[Date "2024.07.02"]
[Round "4.9"]
[White "Mardell, Jimmy"]
[Black "Joensson, Oscar"]
[Result "1-0"]
[TimeControl "90 minutes for 40 moves + 30 minutes for the rest of the game + 30 seconds per move from move one."]
[WhiteElo "2186"]
[BlackElo "1989"]

1. e4 c6 2. d4 d5 3. e5 c5 4. c3 Nc6 5. Be2 Bf5 6. Nf3 e6 7. O-O Bg6 8. Be3 Qb6 9. dxc5 Bxc5 10.
Bxc5 Qxc5 11. Nbd2 Nh6 12. Rc1 O-O 13. b4 Qb6 14. b5 Na5 15. Qa4 Rac8 16. c4 dxc4 17. Nxc4 Nxc4 18. Rxc4 Rc5 19.
Rd4 Bc2 20. Qb4 Nf5 21. Rd7 Rd5 22. Rxd5 exd5 23. Rc1 Be4 24. Nd2 Nd4 25. Bf1 Rd8 26. a4 a5 27. Qe7 Bc2 28. Qa3 Re8 29.
Bd3 Rxe5 30. Bxc2 Ne2+ 31. Kf1 Nxc1 32. Qxc1 Qh6 33. Bd1 Re8 34. h3 Qf4 35. g3 Qb4 36. Nf3 g6 37. Kg2 d4 38.
Qh6 f6 39. Qf4 Kg7 40. Nxd4 Qe1 41. Bf3 Rc8 42. Qd6 Kh6 43. Qxf6 1-0

[Event "Schack-SM 2024: Mastarklassen"]
[Site "Fortnox Arena, Hejaregatan 5, Vaxjo, Sweden"]
[Date "2024.07.02"]
[Round "4.10"]
[White "Dingertz, Erik"]
[Black "Granath, Jonas"]
[Result "1-0"]
[TimeControl "90 minutes for 40 moves + 30 minutes for the rest of the game + 30 seconds per move from move one."]
[WhiteElo "2081"]
[BlackElo "1948"]

1. d4 d5 2. c4 e6 3. Nf3 a6 4. g3 dxc4 5. Bg2 c5 6. O-O Nf6 7. Na3 Nc6 8. dxc5 Qxd1 9. Rxd1 Bxc5 10.
Nxc4 O-O 11. Nfe5 Nb4 12. a3 Nbd5 13. e4 Ne7 14. b4 Ba7 15. Bb2 Ng6 16. a4 Nxe5 17. Nxe5 Ne8 18. Rd8 Bb6 19.
Rd2 f6 20. Nc4 Ba7 21. e5 fxe5 22. Bxe5 Nf6 23. Bxf6 gxf6 24. a5 e5 25. Nb6 Rb8 26. Rc1 f5 27. Nxc8 Rfxc8 28.
Rxc8+ Rxc8 29. Bxb7 Rc1+ 30. Kg2 Rb1 31. Bxa6 Rxb4 32. Rd8+ 1-0

[Event "Schack-SM 2024: Mastarklassen"]
[Site "Fortnox Arena, Hejaregatan 5, Vaxjo, Sweden"]
[Date "2024.07.02"]
[Round "4.11"]
[White "Arvidsson, Jonas"]
[Black "Johnson, Daniel"]
[Result "1/2-1/2"]
[TimeControl "90 minutes for 40 moves + 30 minutes for the rest of the game + 30 seconds per move from move one."]
[WhiteElo "1960"]
[BlackElo "2126"]

1. e4 e5 2. Nf3 Nc6 3. d4 exd4 4. Nxd4 Nf6 5. Nc3 Bb4 6. Nxc6 bxc6 7. Bd3 d5 8. exd5 O-O 9. O-O cxd5 10.
Bg5 c6 11. a3 Bd6 12. Qf3 Rb8 13. Bxf6 Qxf6 14. Qxf6 gxf6 15. Rab1 a5 16. Ne2 Be6 17. Nd4 Rb6 18. b4 axb4 19.
axb4 Be5 20. Nxe6 fxe6 21. c4 Bc3 22. b5 dxc4 23. Bxc4 cxb5 24. Bxb5 Rfb8 25. Bd3 Rb2 26. g4 Bd4 27.
h3 Bxf2+ 28. Kh1 Bd4 29. Rxb2 Rxb2 30. Rb1 Rd2 31. Bc4 Kf7 32. Rb7+ Kg6 33. Bxe6 Kg5 34. Bd5 Be3 35. Rb3 Kf4 36.
Bg2 Rd1+ 37. Kh2 Bg1+ 38. Kh1 Be3+ 39. Kh2 Bg1+ 40. Kh1 Bc5+ 41. Kh2 Bd6 42. Bb7 Rd2+ 43. Kg1 Bc5+ 44. Kf1 Rf2+ 45.
Ke1 Be3 1/2-1/2

[Event "Schack-SM 2024: Mastarklassen"]
[Site "Fortnox Arena, Hejaregatan 5, Vaxjo, Sweden"]
[Date "2024.07.02"]
[Round "4.12"]
[White "Neretljak, Nedzad"]
[Black "Karlsson, Stefan 2005"]
[Result "0-1"]
[TimeControl "90 minutes for 40 moves + 30 minutes for the rest of the game + 30 seconds per move from move one."]
[WhiteTitle "CM"]
[WhiteElo "2048"]
[BlackElo "2072"]

1. e4 c5 2. Nf3 d6 3. d4 cxd4 4. Nxd4 Nf6 5. Nc3 Nc6 6. Be2 g6 7. Be3 Bg7 8. O-O Bd7 9. f4 O-O 10.
Nb3 a5 11. a4 Be6 12. Nd4 Nxd4 13. Bxd4 Rc8 14. b3 Bd7 15. e5 Ne8 16. Nd5 dxe5 17. Bb6 Nc7 18. Qd2 Bc6 19. c4 e6 20.
Rad1 exd5 21. Qxa5 Ra8 22. Qe1 d4 23. fxe5 Qg5 24.
Rf2 Ne6 25. Qf1 Bxe5 26. Bf3 Qh6 27. g3 Ng5 28. Bg2 Bxg2 29. Rxg2 Qh5 30. Rd3 Qg4 31. a5 Rfe8 32. b4 Re6 33.
b5 Rae8 34. Re2 Bg7 35. Rxe6 Rxe6 36. Bc7 Nh3+ 37. Kh1 Qe4+ 38. Rf3 Ng5 39. Kg2 Rf6 40. Bf4 Nxf3 41. Qxf3 Qxf3+ 42. Kxf3 Bh6 43.
c5 Bxf4 44. gxf4 Rf5 45. Ke4 0-1

[Event "Schack-SM 2024: Mastarklassen"]
[Site "Fortnox Arena, Hejaregatan 5, Vaxjo, Sweden"]
[Date "2024.07.02"]
[Round "4.14"]
[White "Willstedt, Lukas"]
[Black "Karlsson, Jorgen"]
[Result "1-0"]
[TimeControl "90 minutes for 40 moves + 30 minutes for the rest of the game + 30 seconds per move from move one."]
[WhiteElo "2082"]
[BlackElo "2020"]

1. d4 d6 2. c4 g6 3. e4 Bg7 4. Nc3 Nc6 5. d5 Nd4 6. Be3 e5 7. Nge2 Nxe2 8. Bxe2 f5 9. f3 a6 10.
b4 Bh6 11. Bf2 Nf6 12. c5 O-O 13. Qb3 fxe4 14. Nxe4 Nxe4 15. fxe4 Rxf2 16. Kxf2 Qh4+ 17. g3 Qxe4 18. Rad1 Bg4 19.
Bxg4 Qxg4 20. Rhe1 e4 21. Kg2 e3 22. Qd3 Rf8 23. Re2 Qf3+ 24. Kg1 Rf5 25. Rg2 Re5 26. cxd6 cxd6 27. Rc2 Qg4 28.
Rc4 Qd7 29. Qc2 e2 30. Re1 Be3+ 31. Kg2 Qb5 32. Rc8+ Kf7 33. Qxe2 Qxd5+ 34. Qf3+ Qxf3+ 35. Kxf3 Bd4 36. Rxe5 dxe5 37.
Rc7+ Kf6 38. Rxh7 b5 39. Rc7 Kf5 40. g4+ Kg5 41. Rc6 1-0

[Event "Schack-SM 2024: Mastarklassen"]
[Site "Fortnox Arena, Hejaregatan 5, Vaxjo, Sweden"]
[Date "2024.07.02"]
[Round "4.1"]
[White "Nygren, David"]
[Black "Ljung, Harald"]
[Result "1/2-1/2"]
[TimeControl "90 minutes for 40 moves + 30 minutes for the rest of the game + 30 seconds per move from move one."]
[WhiteElo "2132"]
[BlackElo "2101"]

1. Nf3 Nf6 2. d4 d5 3. c4 e6 4. Nc3 c6 5. e3 Bd6 6. Qc2 Nbd7 7. cxd5 exd5 8. Bd3 Nf8 9. Bd2 Ne6 10.
Bf5 g6 11. Bh3 Ng7 12. Bxc8 Qxc8 13. O-O O-O 14. Rab1 Nf5 15. b4 a6 16. Rfe1 Re8 17. e4 dxe4 18. Nxe4 Nxe4 19. Rxe4 Rxe4 20.
Qxe4 Bf8 21. Re1 Qd7 22. g4 Nd6 23. Qf4 Bh6 24. g5 Bg7 25. Ne5 Qd8 26. Bc3 Nf5 27. h4 Qd5 28. h5 Re8 29.
h6 Bxe5 30. dxe5 Rd8 31. e6 fxe6 32. Qc7 Rf8 33. Qxb7 Qc4 34. Bf6 Qg4+ 35. Kf1 Qc4+ 36. Re2 e5 37. Qd7 e4 38. Kg1 Qc1+ 39.
Kh2 Qf4+ 40. Kg1 Qg4+ 41. Kh2 Qf4+ 42. Kg1 Qg4+ 43. Kh2 Qh4+ 44. Kg1 Qg4+ 45. Kh2 1/2-1/2

[Event "Schack-SM 2024: Mastarklassen"]
[Site "Fortnox Arena, Hejaregatan 5, Vaxjo, Sweden"]
[Date "2024.07.02"]
[Round "4.2"]
[White "Bjorkman, Filip"]
[Black "Walinder, Lars"]
[Result "1-0"]
[TimeControl "90 minutes for 40 moves + 30 minutes for the rest of the game + 30 seconds per move from move one."]
[BlackTitle "FM"]
[WhiteElo "2116"]
[BlackElo "2233"]

1. e4 c5 2. Nf3 d6 3. d4 cxd4 4. Nxd4 Nf6 5. Nc3 a6 6. f3 e5 7. Nb3 Be6 8. Be3 h5 9. Nd5 Bxd5 10.
exd5 Nbd7 11. Rc1 g6 12. Qd2 Bg7 13. Be2 O-O 14. c4 b6 15. O-O a5 16. Na1 Nc5 17. Nc2 Nfd7 18. Na3 f5 19.
Bg5 Bf6 20. Bh6 Rf7 21. Nb5 f4 22. g3 Rh7 23. gxf4 Rxh6 24. fxe5 Nxe5 25. Nxd6 Rh7 26. Nb5 Qd7 27. Kh1 Rf8 28.
Rg1 Kh8 29. b3 Rhf7 30. Rcf1 Bg7 31. Qe3 Rf4 32. a3 Qf7 33. b4 axb4 34. axb4 Ncd7 35. Nc7 Nxf3 36. Ne6 Bd4 37. Qxf4 Qxf4 38.
Nxf4 Nxg1 39. Nxg6+ Kg7 40.
Nxf8 Nxf8 41. Rxg1+ 1-0

[Event "Schack-SM 2024: Mastarklassen"]
[Site "Fortnox Arena, Hejaregatan 5, Vaxjo, Sweden"]
[Date "2024.07.02"]
[Round "4.3"]
[White "Liden, Tommy"]
[Black "Collett, Peter"]
[Result "0-1"]
[TimeControl "90 minutes for 40 moves + 30 minutes for the rest of the game + 30 seconds per move from move one."]
[BlackTitle "CM"]
[WhiteElo "2123"]
[BlackElo "2116"]

1. e4 e5 2. Nf3 Nc6 3. Bc4 Bc5 4. c3 Nf6 5. d3 a6 6. a4 Ba7 7. O-O d6 8. Re1 O-O 9. h3 h6 10.
Nbd2 Re8 11. b4 Be6 12. Bxe6 Rxe6 13. b5 Ne7 14. d4 Ng6 15. bxa6 bxa6 16. d5 Re8 17. Nc4 Rf8 18. Na5 Ne7 19.
Ba3 Nd7 20. Qd3 Bb6 21. Bb4 f5 22. exf5 Nxf5 23. Nc6 Qf6 24. a5 Bc5 25. Re4 Ng3 26. Rg4 e4 27. Qc2 exf3 28. Rxg3 fxg2 29.
Bxc5 Nxc5 30. Rg6 Qf7 31. Rxg2 Rae8 32. Rd1 Qh5 33. Rg3 Re2 34. Rd2 Rfxf2 35. Ne7+ Kf7 36. Rxe2 Rxe2 37. Qf5+ Qxf5 38.
Nxf5 Re5 39. Rf3 Kg6 40. Ne3 Nb3 41. Kf2 Nxa5 42. Rf8 Nb3 43. Ra8 Nc5 44. c4 Kg5 45. Ra7 Re7 46. Kf3 Rf7+ 47.
Kg3 Ne4+ 48. Kg2 Kf4 49. Nc2 Ke5 50. Nb4 Nc5 51. Nxa6 Nxa6 52. Rxa6 Kd4 53. Rc6 g5 54. Kg3 h5 55.
h4 g4 56. Kg2 Re7 57. Kf2 Ke4 58. Kg3 Rf7 59. Kg2 Kf4 60. Ra6 Re7 61. Ra2 Re4 62. c5 dxc5 63. Ra7 Ke5 64. Rxc7 Kxd5 65.
Rd7+ Kc4 66. Rh7 Re5 67. Kg3 Kd4 68. Kf4 c4 69. Rc7 Rd5 70. Ke5+ 0-1

[Event "Schack-SM 2024: Mastarklassen"]
[Site "Fortnox Arena, Hejaregatan 5, Vaxjo, Sweden"]
[Date "2024.07.02"]
[Round "4.4"]
[White "Muntean, Victor"]
[Black "Lindborg, Patrik"]
[Result "1-0"]
[TimeControl "90 minutes for 40 moves + 30 minutes for the rest of the game + 30 seconds per move from move one."]
[WhiteElo "2136"]
[BlackElo "2162"]

1. e4 c5 2. c3 d6 3. d4 Nf6 4.
Bd3 g6 5. dxc5 dxc5 6. e5 Nh5 7. h3 Nc6 8. Nf3 Be6 9. Qe2 Qc7 10. Be3 Rd8 11. Na3 Nxe5 12. Nxe5 Qxe5 13. Bb5+ Bd7 14.
O-O-O a6 15. Bxd7+ Rxd7 16. Rxd7 Kxd7 17. Rd1+ Kc8 18. Nc4 Qe6 19. Qd3 Bg7 20. Bxc5 Nf4 21. Nb6+ Kb8 22. Qf3 Ne2+ 23.
Kc2 Nxc3 24. Rd7 Qe4+ 25. Qxe4 Nxe4 26. Bxe7 Ka7 27. Nc4 Rc8 28. b3 Bf8 29. f3 Bxe7 30. Rxe7 Nd6 31. Kd3 Rd8 32.
Nxd6 Rxd6+ 33. Ke3 Rf6 34. f4 h5 35. g4 hxg4 36. hxg4 a5 37. Ke4 a4 38. bxa4 Ra6 39. Rxf7 Rxa4+ 40. Ke5 g5 41. fxg5 Rxg4 42. Kf6 Ra4 43. Re7 Rxa2 44. Re5 Rc2 45. g6 Ka6 46. g7 Rc8 47. Rg5 Rg8 48. Kf7 Rc8 49.
g8=Q Rxg8 50. Kxg8 b5 51. Kf7 Ka5 52. Ke6 Ka4 53. Kd5 1-0

[Event "Schack-SM 2024: Mastarklassen"]
[Site "Fortnox Arena, Hejaregatan 5, Vaxjo, Sweden"]
[Date "2024.07.02"]
[Round "4.5"]
[White "Joensson, Jacob"]
[Black "Sundin, Emanuel"]
[Result "1-0"]
[TimeControl "90 minutes for 40 moves + 30 minutes for the rest of the game + 30 seconds per move from move one."]
[WhiteElo "2068"]
[BlackElo "2165"]

1. d4 Nf6 2. c4 e6 3. Bf4 Bb4+ 4. Nd2 Nh5 5. Be3 O-O 6. g3 f5 7. Nh3 Nf6 8. a3 Be7 9. Nf3 b6 10.
Bg2 Bb7 11. d5 Ng4 12. Bd4 Bf6 13. O-O e5 14. Bc3 d6 15. e4 Bc8 16. Nd2 f4 17. b4 g5 18. c5 bxc5 19. bxc5 Nh6 20.
gxf4 gxf4 21. cxd6 cxd6 22. f3 Ba6 23. Bb4 Bxf1 24. Bxf1 Nf7 25. Kh1 a5 26. Bc3 Nd7 27. Bb5 Nc5 28.
a4 Kh8 29. Nc4 Bh4 30. Nxf4 Bf6 31. Nh5 Rg8 32. Ng3 Rg6 33. Nf5 Ra7 34. Qe1 Nb3 35. Qe3 Rc7 36. Rg1 Qc8 37. Rxg6 hxg6 38. Nfxd6 Nxd6 39. Nxd6 Qh3 40.
Ne8 Rf7 41. Nxf6 Nd4 42. Be2 Rxf6 43. Bxd4 exd4 44. Qxd4 Qh4 45. Kg2 Kh7 46. d6 Qg5+ 47. Kf1 Rf8 48. d7 Qc1+ 49. Kf2 Qc7 50.
e5 g5 51. h4 g4 52. Bd3+ Kh6 53. Qe3+ Kg7 54. Qg5+ Kf7 55. Qf6+ Kg8 56. Qg6+ Kh8 57. Qh7# 1-0

[Event "Schack-SM 2024: Mastarklassen"]
[Site "Fortnox Arena, Hejaregatan 5, Vaxjo, Sweden"]
[Date "2024.07.02"]
[Round "4.6"]
[White "Mashhadi, Peyman"]
[Black "Lind, Jan-Olov"]
[Result "1-0"]
[TimeControl "90 minutes for 40 moves + 30 minutes for the rest of the game + 30 seconds per move from move one."]
[WhiteElo "2116"]
[BlackElo "2135"]

1. d4 Nf6 2. Nf3 g6 3. g3 Bg7 4. Bg2 O-O 5. O-O d6 6. c4 Nbd7 7. Nc3 e5 8. e4 Re8 9. Qc2 exd4 10.
Nxd4 Nc5 11. Rd1 a5 12. f3 c6 13. Nde2 Qb6 14. Be3 Qb4 15. Nf4 Qxc4 16. Rd4 Qa6 17. Rxd6 b6 18. Rxc6 Bd7 19.
Rd6 Rac8 20. Rad1 Qb7 21. Qf2 Bc6 22. Bh3 Rb8 23. a3 g5 24. Nfd5 Bxd5 25. exd5 Qe7 26. Bxc5 bxc5 27. Rc6 Qb7 28.
Rxc5 g4 29. Rb5 Qd7 30. Rxb8 Rxb8 31. Bg2 gxf3 32. Bxf3 Ng4 33. Bxg4 Qxg4 34. Qf4 Qxf4 35. gxf4 Rxb2 36. Na4 Rc2 37.
d6 Bf6 38. d7 Bd8 39. Re1 Kg7 40. Re8 Bf6 41. d8=Q Bxd8 42. Rxd8 Rc4 43. Nb6 Rxf4 44. Rd5 Rf6 45. Nc4 Rc6 46.
Rd4 Rc5 47. Kf2 f5 48. Ke3 Kg6 49. a4 Kg5 50. h4+ Kh5 51. Kd3 h6 52. Kc3 Rc7 53. Rf4 Rg7 54. Nxa5 Rg4 55. Rxg4 fxg4 56.
Nc4 g3 57. Ne3 Kxh4 58. a5 1-0

[Event "Schack-SM 2024: Mastarklassen"]
[Site "Fortnox Arena, Hejaregatan 5, Vaxjo, Sweden"]
[Date "2024.07.02"]
[Round "4.7"]
[White "Malm, Simon 1995"]
[Black "Tuomainen, Felix"]
[Result "0-1"]
[TimeControl "90 minutes for 40 moves + 30 minutes for the rest of the game + 30 seconds per move from move one."]
[BlackTitle "FM"]
[WhiteElo "1948"]
[BlackElo "2255"]

1. d4 Nf6 2. c4 e6 3. Nc3 Bb4 4. f3 d5 5. a3 Bxc3+ 6. bxc3 O-O 7. cxd5 exd5 8. e3 c5 9. Bd3 b6 10.
Ne2 Ba6 11. O-O Bxd3 12. Qxd3 Re8 13. Ng3 h5 14. Ra2 Nc6 15. Re2 cxd4 16. cxd4 Qd7 17. Bb2 Rad8 18.
Rd1 Ne7 19. e4 h4 20. Nf1 Ng6 21. Bc1 dxe4 22. fxe4 Qg4 23. h3 Qh5 24. Qf3 Qb5 25. Rb2 Qa4 26. Rb4 Qc2 27. Bg5 Qxe4 28.
Qf2 Rd5 29. Nd2 Qc2 30. Bxf6 Qxd1+ 31. Nf1 gxf6 32. Qxf6 a5 33. Rc4 b5 34. Qc6 bxc4 35. Qxd5 c3 0-1

[Event "Schack-SM 2024: Mastarklassen"]
[Site "Fortnox Arena, Hejaregatan 5, Vaxjo, Sweden"]
[Date "2024.07.01"]
[Round "3.6"]
[White "Collett, Peter"]
[Black "Malm, Simon 1995"]
[Result "1-0"]
[TimeControl "90 minutes for 40 moves + 30 minutes for the rest of the game + 30 seconds per move from move one."]
[WhiteTitle "CM"]
[WhiteElo "2116"]
[BlackElo "1948"]

1. d4 d5 2. c4 c6 3. Nf3 Nf6 4.
e3 e6 5.
b3 Ne4 6. Bd3 Bb4+ 7. Nbd2 Nd7 8. O-O f5 9. a3 Bd6 10. Bb2 Qf6 11. Bxe4 fxe4 12. Ne1 Qh6 13. g3 O-O 14. Qe2 b6 15.
f3 exf3 16. Nexf3 Ba6 17. e4 dxc4 18. Nxc4 e5 19. dxe5 Bc5+ 20. Kg2 b5 21. Na5 Bb6 22. b4 Bxa5 23. bxa5 c5 24. Rad1 b4 25.
Qc2 Bxf1+ 26. Rxf1 bxa3 27. Bxa3 Nxe5 28. Nxe5 Rxf1 29. Qc4+ Kh8 30. Qxf1 Qe6 31. Bb2 Rb8 32. Bc3 Qb3 33.
Qf3 Qc2+ 34. Kh3 Qc1 35. Ng4 Kg8 36. Nf6+ Kh8 37. Nh5 Qg5 38. Qf7 Rg8 39. Nxg7 Qh6+ 40. Nh5+ Rg7 41. Qf8# 1-0

[Event "Schack-SM 2024: Mastarklassen"]
[Site "Fortnox Arena, Hejaregatan 5, Vaxjo, Sweden"]
[Date "2024.07.01"]
[Round "3.7"]
[White "Persson, Sebastian 2007"]
[Black "Lindborg, Patrik"]
[Result "0-1"]
[TimeControl "90 minutes for 40 moves + 30 minutes for the rest of the game + 30 seconds per move from move one."]
[WhiteElo "2063"]
[BlackElo "2162"]

1. c4 c5 2. g3 Nc6 3. Bg2 g6 4.
Nf3 Bg7 5. O-O Nf6 6. d3 O-O 7. Nc3 d5 8. cxd5 Nxd5 9. Nxd5 Qxd5 10. Nd2 Qd7 11. Nc4 b6 12. Rb1 Bb7 13. a3 Rfd8 14.
Bd2 Nd4 15. Bxb7 Qxb7 16. Bc3 b5 17. Nd2 Rac8 18. Bxd4 Rxd4 19. Nf3 Rd7 20. Qc1 c4 21. dxc4 Rxc4 22. Qe3 Re4 23. Qb3 Rxe2 24.
Rfe1 Rxe1+ 25. Rxe1 e6 26. h4 Qd5 27. Qc2 h6 28. Kg2 Bf6 29. Re2 Qb7 30. Qc5 Rd3 31. Re3 Bd4 32. Qc2 Rxe3 33.
fxe3 Bxe3 0-1

[Event "Schack-SM 2024: Mastarklassen"]
[Site "Fortnox Arena, Hejaregatan 5, Vaxjo, Sweden"]
[Date "2024.07.01"]
[Round "3.8"]
[White "Arvidsson, Jonas"]
[Black "Muntean, Victor"]
[Result "0-1"]
[TimeControl "90 minutes for 40 moves + 30 minutes for the rest of the game + 30 seconds per move from move one."]
[WhiteElo "1960"]
[BlackElo "2136"]

1. e4 e5 2. Nf3 Nc6 3. d4 exd4 4.
Nxd4 Bc5 5. Nxc6 Qf6 6. Qf3 bxc6 7. Nd2 a5 8. c3 a4 9. Bc4 Qxf3 10. Nxf3 Nf6 11. e5 Nd5 12. O-O Ba6 13.
Nd2 O-O 14. Re1 Bxc4 15. Nxc4 f6 16. e6 Rfe8 17. Bd2 Rxe6 18. Rxe6 dxe6 19. Re1 Kf7 20. g3 Nb6 21. Nxb6 cxb6 22.
Be3 Bxe3 23. Rxe3 a3 24. Re2 axb2 25. Rxb2 b5 26. Kf1 Ra3 27. Rc2 e5 28. Ke2 Ke6 29. Kd2 Kd5 30. Kc1 Ke4 31. Kb2 Ra4 32. Kb3 Kf3 33. Rd2 Re4 34. Rd7 Kxf2 35.
Rxg7 f5 36. Rxh7 f4 37. Rf7 Ke2 38. gxf4 exf4 39. h4 f3 40.
h5 f2 0-1

[Event "Schack-SM 2024: Mastarklassen"]
[Site "Fortnox Arena, Hejaregatan 5, Vaxjo, Sweden"]
[Date "2024.07.01"]
[Round "3.9"]
[White "Karlsson, Stefan 2005"]
[Black "Joensson, Jacob"]
[Result "0-1"]
[TimeControl "90 minutes for 40 moves + 30 minutes for the rest of the game + 30 seconds per move from move one."]
[WhiteElo "2072"]
[BlackElo "2068"]

1. e4 e5 2. Nf3 Nc6 3. Bb5 Nf6 4.
d3 Bc5 5. c3 O-O 6. O-O Re8 7. Re1 a6 8. Ba4 Ba7 9. Nbd2 b5 10. Bc2 d6 11. h3 Ne7 12. d4 Ng6 13. Nf1 Bb7 14.
Ng3 h6 15. a4 Bb6 16. Qe2 Qd7 17. axb5 axb5 18. Rxa8 Bxa8 19. dxe5 Nxe5 20. Nxe5 Rxe5 21. Kh2 Nxe4 22. Nxe4 Bxe4 23.
f4 Bf3 24. Qf1 Rxe1 25. Qxe1 Bd5 26. f5 f6 27. Qd1 Bf7 28. Bd3 c5 29. Qe2 c4 30. Bc2 d5 31. Qg4 h5 32. Qg3 d4 33.
Qb8+ Bd8 34. cxd4 Kh7 35. Kh1 Bc7 36. Qf8 Bd5 37. Qb4 Qc6 38. Qd2 Qd6 0-1

[Event "Schack-SM 2024: Mastarklassen"]
[Site "Fortnox Arena, Hejaregatan 5, Vaxjo, Sweden"]
[Date "2024.07.01"]
[Round "3.10"]
[White "Karlsson, Jorgen"]
[Black "Landgren, Andreas"]
[Result "0-1"]
[TimeControl "90 minutes for 40 moves + 30 minutes for the rest of the game + 30 seconds per move from move one."]
[BlackTitle "FM"]
[WhiteElo "2020"]
[BlackElo "2243"]

1. g3 d5 2. Bg2 e5 3. c4 d4 4.
b4 a5 5.
b5 c5 6.
d3 h5 7.
h4 Nf6 8. Nd2 Be7 9. Ngf3 Ng4 10. a4 f6 11. Nb3 Be6 12. Bd2 Ra7 13. Nxa5 Rxa5 14. Bxa5 Qxa5+ 15. Qd2 Bd8 16. O-O O-O 17.
Qc2 Qa7 18. a5 Bxa5 19. Nd2 Qb6 20. Nb3 Bc3 21. Ra8 f5 22. Qa2 Nd7 23. Qa7 Qxa7 24. Rxa7 b6 25. Bc6 Ngf6 26. f3 Rd8 27.
Rc1 e4 28. Bxd7 Nxd7 29. f4 Kf8 30. Rc2 Ke7 31. Rca2 Kd6 32. Rb7 e3 33. Raa7 Bxc4 34. Nxc5 bxc5 35. Ra6+ Ke7 36. dxc4 d3 0-1

[Event "Schack-SM 2024: Mastarklassen"]
[Site "Fortnox Arena, Hejaregatan 5, Vaxjo, Sweden"]
[Date "2024.07.01"]
[Round "3.11"]
[White "Lind, Jan-Olov"]
[Black "Willstedt, Lukas"]
[Result "1-0"]
[TimeControl "90 minutes for 40 moves + 30 minutes for the rest of the game + 30 seconds per move from move one."]
[WhiteElo "2135"]
[BlackElo "2082"]

1. e4 e6 2. d3 d5 3. Nd2 Nf6 4. Ngf3 Be7 5. g3 O-O 6. Bg2 a5 7. O-O a4 8. a3 c5 9. Re1 Nc6 10.
e5 Nd7 11. h4 Qc7 12. Qe2 f6 13. exf6 Nxf6 14. Bh3 Bd6 15. Bxe6+ Bxe6 16. Qxe6+ Kh8 17. Qh3 Nd4 18. Nxd4 cxd4 19.
Nf3 Qxc2 20. Nxd4 Qxd3 21. Be3 Rae8 22. Rad1 Qg6 23. Qf5 Ng4 24. Qxg6 hxg6 25. Bf4 Rxe1+ 26. Rxe1 Bc5 27. Rd1 Re8 28.
Rd2 Re4 29. Nf3 d4 30. Kf1 Kg8 31. Re2 Rxe2 32. Kxe2 Kf7 33. Ng5+ Ke7 34. Ne4 d3+ 35. Kf3 Bd4 36. Kxg4 Bxb2 37.
Bd6+ Ke6 38. Bb4 Kd5 39. Kf3 Bc1 40. Nd2 Kd4 41. g4 b5 42. h5 gxh5 43. gxh5 Bb2 44. Ne4 Ba1 45. Bf8 Kc4 46.
Ke3 Bb2 1-0

[Event "Schack-SM 2024: Mastarklassen"]
[Site "Fortnox Arena, Hejaregatan 5, Vaxjo, Sweden"]
[Date "2024.07.01"]
[Round "3.12"]
[White "Johnson, Daniel"]
[Black "Neretljak, Nedzad"]
[Result "1/2-1/2"]
[TimeControl "90 minutes for 40 moves + 30 minutes for the rest of the game + 30 seconds per move from move one."]
[BlackTitle "CM"]
[WhiteElo "2126"]
[BlackElo "2048"]

1. d4 Nf6 2. Nc3 e6 3. Bf4 a6 4. e3 Nc6 5. g4 Bb4 6. Nge2 e5 7. Bxe5 Nxg4 8. Bg3 O-O 9. a3 Ba5 10.
b4 Bb6 11. Nd5 Re8 12. c4 d6 13. c5 Ba7 14. Nec3 Ne7 15. Nxe7+ Qxe7 16. Qf3 Bb8 17. cxd6 cxd6 18. Nd5 Qd8 19.
Bg2 Nh6 20. O-O Ra7 21. Rac1 b5 22. Rfe1 Nf5 23. Qf4 Be6 24. Red1 h5 25. e4 Nxg3 26. hxg3 Bxd5 27. exd5 Rae7 28.
Bf3 g6 29. Kg2 Kg7 30. Rc6 a5 31. Rh1 axb4 32. axb4 Re1 33. Rc1 Rxc1 34. Rxc1 Bc7 35. Rh1 Qe7 36. g4 g5 37. Qf5 h4 38.
Rd1 Bd8 39. Rc1 Bb6 40. Rd1 Qf6 41. Qxf6+ Kxf6 42. Rd2 Ra8 43. Be2 Ra4 44. Bxb5 Rxb4 45. Bd7 Ke7 46. Bf5 Bxd4 47. Re2+ Be5 48.
Re3 Kd8 49. Ra3 Rb2 50. Ra8+ Ke7 51. Ra3 Bd4 52. Rf3 Kd8 53. Bh7 f6 54. Bf5 Kc7 55. Be6 Kb6 56. Bf5 Kc5 57. Be6 Rd2 58.
Kf1 Kc4 59. Ke1 Bc3 60. Kf1 Kb3 61. Kg2 Kb2 62. Kf1 Bd4 63. Bf5 Kc1 64. Kg2 Kd1 65. Rd3 Rxd3 66. Bxd3 Ke1 67. f3 Kd2 68.
Bf5 Ke3 69. Be4 Kf4 70. Kh3 Be3 71. Kg2 Ke5 72. Kh3 Bd4 73. Kg2 f5 74. gxf5 Kf4 75. Bc2 Be5 76. Bd1 Kxf5 77. Ba4 Bf6 78.
Bd7+ Ke5 79. Be6 Kd4 80. Bf7 Bd8 81. Bg8 Ke5 82. Be6 Be7 83. Kh3 Kd4 84. Kg2 Ke3 85. Bg4 Bf6 86. Be6 Kf4 87.
Bg4 1/2-1/2

[Event "Schack-SM 2024: Mastarklassen"]
[Site "Fortnox Arena, Hejaregatan 5, Vaxjo, Sweden"]
[Date "2024.07.01"]
[Round "3.13"]
[White "Granath, Jonas"]
[Black "Carlstrom, Niklas"]
[Result "1-0"]
[TimeControl "90 minutes for 40 moves + 30 minutes for the rest of the game + 30 seconds per move from move one."]
[WhiteElo "1948"]
[BlackElo "2100"]

1. e4 d6 2. d4 Nf6 3. Nc3 Nbd7 4.
Nf3 e5 5. Be2 c6 6. a4 Qc7 7. Be3 Be7 8. h3 h6 9. Qd2 a5 10. Rd1 Nf8 11. Qc1 Ng6 12. dxe5 dxe5 13. Nd2 Bb4 14.
Nc4 O-O 15. Bb6 Qe7 16. Qe3 Nd7 17. Qg3 Nxb6 18. Nxb6 Rb8 19. Nxc8 Rbxc8 20. O-O Nf4 21. Bg4 Rcd8 22. Ne2 h5 23.
Bf3 Bd2 24. h4 Qe6 25. Qh2 Qc4 26. Nxf4 Bxf4 27. g3 Bd2 28. c3 Qxa4 29. Qh3 g6 30. g4 hxg4 31. Qxg4 Rd6 32. h5 Rfd8 33.
Rxd2 Rxd2 34. hxg6 R2d6 35. gxf7+ Kxf7 36. Qf5+ Ke7 37. Qh7+ Kf8 38. Qh8+ Ke7 39. Qg7+ 1-0

[Event "Schack-SM 2024: Mastarklassen"]
[Site "Fortnox Arena, Hejaregatan 5, Vaxjo, Sweden"]
[Date "2024.07.01"]
[Round "3.14"]
[White "Joensson, Oscar"]
[Black "Ask, Josef"]
[Result "1-0"]
[TimeControl "90 minutes for 40 moves + 30 minutes for the rest of the game + 30 seconds per move from move one."]
[BlackTitle "FM"]
[WhiteElo "1989"]
[BlackElo "2136"]

1. d4 Nf6 2. c4 b6 3. Nf3 Bb7 4.
Nc3 e6 5. a3 d5 6. cxd5 Nxd5 7. Bg5 f6 8. Bh4 Nxc3 9. bxc3 g5 10. Bg3 h5 11. h3 Nd7 12. Qc2 Kf7 13. e3 Bh6 14.
Bc4 Qe7 15. Rd1 Kg7 16. Ba2 Nf8 17. d5 e5 18. O-O Rd8 19. Qe4 Qxa3 20. Bxe5 Qe7 21. d6 cxd6 22. Bxf6+ Qxf6 23. Qxb7+ Rd7 24.
Qc6 g4 25. Nd4 Re7 26. Qd5 Re5 27. Qb7+ Kg6 28. Bb1+ Kg5 29. h4+ Kxh4 30. g3+ Kg5 31. f4+ gxf3 32. Nxf3+ Kg4 33. Nh2+ Kg5 34.
Nf3+ Kg4 35. Nxe5+ Qxe5 36. Rd4+ Kg5 37. Rd5 Kg4 38. Rxe5 dxe5 39. Qf3+ 1-0